 Dungeon Crawl Stone Soup version 0.27.1-33-g824d729ab1 (webtiles) character file.

Game seed: 5472219191299370739

45 zeram the Poker (level 3, 0/27 HPs)
             Began as a Merfolk Gladiator on Dec 14, 2021.
             Succumbed to an adder's poison
             ... on level 2 of the Dungeon.
             The game lasted 00:02:46 (1244 turns).

zeram the Poker (Merfolk Gladiator)                 Turns: 1244, Time: 00:02:46

Health: 0/27       AC:  4    Str: 14    XL:     3   Next: 64%
Magic:  3/3        EV:  9    Int:  8    God:
Gold:   46         SH: 11    Dex: 15    Spells: 2/2 levels left

rFire    . . .     SeeInvis .   a - +0 trident
rCold    . . .     Faith    .   g - +0 tower shield
rNeg     . . .     Spirit   .   b - +0 leather armour
rPois    .         Reflect  .   c - +0 helmet
rElec    .         Harm     .   (no cloak)
rCorr    .         Rampage  .   (no gloves)
Will     .....                  (no boots)
Stlth    +.........             (no amulet)
HPRegen  0.09/turn              (no ring)
MPRegen  0.08/turn              (no ring)

@: lethally poisoned (0 -> -5)
A: (nimble swimmer 2), mertail
a: no special abilities


You were on level 2 of the Dungeon.
You visited 1 branch of the dungeon, and saw 2 of its levels.

You collected 46 gold pieces.

Inventory:

Hand Weapons
 a - a +0 trident (weapon)
Missiles
 i - 20 stones (quivered)
Armour
 b - a +0 leather armour (worn)
 c - a +0 helmet (worn)
 g - a +0 tower shield (worn)
Scrolls
 e - a scroll of identify
 f - a scroll of blinking
 h - 4 scrolls of noise


   Skills:
 - Level 2.1 Fighting
 + Level 5.4 Polearms
 - Level 2.0 Throwing
 + Level 4.8 Dodging
 * Level 1.2 Shields


You had 2 spell levels left.
You didn't know any spells.
Your spell library was empty.

Dungeon Overview and Level Annotations

Branches:
Dungeon (2/15)

Altars:

Annotations:
D:2 1 runed translucent door, Crazy Yiuf


Innate Abilities, Weirdness & Mutations

((You are quick and stealthy near water. (Stealth+, EV+, Speed+++)))
Your lower body shifts to a powerful aquatic tail in water.


Message History

The helpless adder fails to defend itself.
You hit the adder.
The adder is moderately wounded.
The adder bites you.
You are poisoned.
The adder poisons you!
You closely miss the adder.
The adder is moderately wounded.
You feel very sick. You block the adder's attack. x2
You miss the adder.
The adder is moderately wounded.
You feel sick. You block the adder's attack. The adder bites you.
You are more poisoned.
The adder poisons you!
You hit the adder.
The adder is moderately wounded.
You feel very sick. The adder bites you. x2
You hit the adder.
The adder is almost dead.
You feel sick. You block the adder's attack. x2
You hit the adder.
The adder is almost dead.
You feel sick. You block the adder's attack. x2
You barely miss the adder.
The adder is almost dead.
You feel sick. You block the adder's attack. The adder bites you.
* * * LOW HITPOINT WARNING * * *
You are lethally poisoned!
The adder poisons you!
You aren't carrying any potions.
Okay, then.
You hit the adder.
You kill the adder!
* * * LOW HITPOINT WARNING * * *
You feel very sick.
Unknown command.
There is a lethal amount of poison in your body!
You die...

....# #...# #...#
#...# .... .. ###
#..# .. ..# #..# #.
#.# #@.# #. #.#
#..# #. ####.###..#
######.##.........#
...>.......###.#.##
#####.....# #...#
##....###.###
#.#.......
#######.#..#.###


There were no monsters in sight!

Vanquished Creatures
  An adder (D:2)
  2 dart slugs (D:1)
  2 ball pythons
  3 bats
  An endoplasm (D:1)
  2 giant cockroaches (D:1)
  4 goblins
  2 hobgoblins (D:1)
  2 jackals (D:1)
  A kobold (D:1)
  2 quokkas
  3 frilled lizards (D:1)
  6 rats
31 creatures vanquished.

Vanquished Creatures (others)
  A plant (D:1)
1 creature vanquished.

Grand Total: 32 creatures vanquished

Notes
Turn   | Place    | Note
-------+----------+-------------------------------------------
     0 | D:1      | zeram the Merfolk Gladiator began the quest for the Orb.
     0 | D:1      | Reached XP level 1. HP: 16/16 MP: 1/1
    70 | D:1      | Reached XP level 2. HP: 14/22 MP: 2/2
   246 | D:1      | Reached skill level 5 in Polearms
   658 | D:1      | Reached XP level 3. HP: 27/27 MP: 3/3
   665 | D:1      | Found a faded altar of an unknown god.
  1035 | D:2      | Found a runed translucent door.
  1036 | D:2      | Noticed Crazy Yiuf
  1108 | D:2      | Reached skill level 1 in Shields
  1243 | D:2      | HP: 1/27 [poisoned by an adder]
  1244 | D:2      | Succumbed to an adder's poison

Illustrated notes

Levels and vault maps discovered:
D:1:      dpeg_arrival_three_same_balls, layout_basic,
          shapermc_ecumenical_altar_mp_urbaneastern
D:2:      layout_loops_ring, uniq_crazy_yiuf_cottage

Skill      XL: |  1  2  3 |
---------------+----------+-----
Polearms       | 5 |  5.4
Shields        | 1 |  1.2
Fighting       | |  2.1
Throwing       | |  2.0
Dodging        | |  4.8

Action                   || total
-------------------------++-------
Melee: Trident           ||   109
  Use: Scroll            ||     2
 Stab: Sleeping          ||     3
Armor: Leather armour    ||    39
Dodge: Dodged            ||    53
Block: Tower shield      ||    51
